 Dungeon Crawl Stone Soup version 0.30-a0-626-gd6a5dd7a1f (webtiles) character file.

Game seed: 9596629097292935568

2514 testman the Thaumaturge (level 9, -3/45 HPs)
             Began as a Deep Elf Fire Elementalist on Jan 11, 2023.
             Was a Follower of Vehumet.
             Slain by an orc warrior
             ... wielding a +0 halberd
              (18 damage)
             ... on level 7 of the Dungeon.
             The game lasted 00:25:35 (7434 turns).

testman the Thaumaturge (DEFE)                      Turns: 7434, Time: 00:25:35

Health: -3/45      AC:  7    Str:  5    XL:     9   Next: 29%
Magic:  22/32      EV: 11    Int: 25    God:    Vehumet [*.....]
Gold:   319        SH:  0    Dex: 15    Spells: 15/25 levels left

rFire   . . .      SeeInvis .    G - +1 dagger of the Feral God {holy, rN++ MP+9}
rCold   . . .      Faith    .    (no shield)
rNeg    + + +      Spirit   .    C - +2 leather armour {rPois}
rPois   +          Reflect  .    h - +0 helmet
rElec   .          Harm     .    (no cloak)
rCorr   .          Rampage  .    (no gloves)
Will    .....                    k - +0 pair of boots
Stlth   ++                       J - amulet of magic regeneration
HPRegen 0.27/turn                m - ring of positive energy
MPRegen 0.63/turn                (no ring)

@: no status effects
A: no striking features
a: Renounce Religion


You were on level 7 of the Dungeon.
You worshipped Vehumet.
Vehumet was aware of your devotion.
You visited 2 branches of the dungeon, and saw 8 of its levels.
You also visited: Sewer.

You collected 319 gold pieces.

Inventory:

Hand Weapons
 t - a +2 antimagic mace
 v - a +0 rapier
 G - the +1 dagger of the Feral God (weapon) {holy, rN++ MP+9}
   (You found it on level 5 of the Dungeon)

   rN:        It greatly protects you from negative energy.
   MP:        It affects your magic capacity (+9).
Missiles
 n - 10 poisoned darts
Armour
 a - a +0 robe
 g - a +0 buckler
 h - a +0 helmet (worn)
 k - a +0 pair of boots (worn)
 C - a +2 leather armour of poison resistance (worn)
Magical Staves
 o - a staff of conjuration
Jewellery
 e - an amulet of faith
 m - a ring of positive energy (left hand)
 J - an amulet of magic regeneration (around neck)
 K - an amulet of reflection
Wands
 D - a wand of paralysis (7)
 O - a wand of flame (23)
Scrolls
 l - 2 scrolls of poison
 r - 3 scrolls of magic mapping {unknown}
 u - 3 scrolls of teleportation {unknown}
 x - 3 scrolls of identify {unknown}
 y - a scroll of brand weapon {unknown}
 A - a scroll of fear {unknown}
 B - a scroll of butterflies {unknown}
 E - a scroll of noise {unknown}
 H - a scroll of fog {unknown}
 L - 2 scrolls of immolation {unknown}
 M - a scroll of amnesia {unknown}
 N - a scroll of enchant weapon {unknown}
 P - a scroll of enchant armour {unknown}
Potions
 b - 2 potions of magic
 c - 3 potions of attraction
 d - a potion of flight {unknown}
 f - 5 potions of heal wounds
 i - a potion of cancellation {unknown}
 j - 2 potions of degeneration {unknown}
 p - a potion of ambrosia {unknown}
 q - 2 potions of might {unknown}
 s - a potion of lignification {unknown}
 w - 3 potions of haste {unknown}
 z - 2 potions of invisibility {unknown}
 F - 2 potions of curing {unknown}
 I - 2 potions of mutation {unknown}


   Skills:
 - Level 2.4 Dodging
 - Level 2.4 Stealth
 + Level 8.9 Spellcasting
 + Level 7.0 Conjurations
 + Level 7.6 Hexes
 + Level 7.8 Fire Magic


You had 15 spell levels left.
You knew the following spells:

 Your Spells              Type           Power      Damage    Failure   Level
a - Foxfire               Conj/Fire      100%       2x1d9     1%          1
b - Scorch                Fire           100%       2d10      1%          2
c - Inner Flame           Hex/Fire       49%        N/A       1%          3
d - Flame Wave            Conj/Fire      48%        2d12      4%          4

Your spell library contained the following spells:

 Spells                   Type           Power      Damage    Failure   Level
 Kiss of Death            Conj/Necr      100%       2d13      2%          1
 Magic Dart               Conj           100%       1d8       1%          1
 Necrotise                Necr           44%        1d6       10%         1
 Kindle Blastsparks       Fire/Tloc/Air  48%        2d14      10%         3
 Mephitic Cloud           Conj/Pois/Air  23%        N/A       11%         3
 Cigotuvi's Dreadful Rot  Necr/Pois/Air  22%        N/A       14%         2
 Poisonous Vapours        Pois/Air       22%        N/A       14%         2
 Vampiric Draining        Necr           11%        2d6       28%         3
 Agony                    Necr           11%        N/A       95%         5


Dungeon Overview and Level Annotations

Branches:
Dungeon (7/15)             Temple (1/1) D:5           Sewer (visited)

Altars:
Ashenzari
Cheibriados
Dithmenos
Elyvilon
Fedhas
Gozag
Hepliaklqana
Kikubaaqudgha
Makhleb
Nemelex Xobeh
Okawaru
Qazlal
Ru
Sif Muna
Trog
Uskayaw
Vehumet
Wu Jian
Xom
Yredelemnul
Zin
The Shining One

Shops:
D:4 :


Message History

Vehumet accepts your kill. The killer bee stings you.
The killer bee barely misses you.
Your Conjurations skill increases to level 7!
A wave of flame ripples out!
The flame wave engulfs the killer bee!
You kill the killer bee!
Vehumet accepts your kill.
The flame wave engulfs the orc!
You kill the orc!
Vehumet accepts your kill.
You can now gain magical power from killing.
Vehumet offers you knowledge of Kiss of Death.
The flame wave engulfs the orc warrior.
The orc warrior is lightly wounded.
The flame wave engulfs the killer bee!
The killer bee is severely wounded.
You finish channelling waves of flame.
The orc warrior barely misses you.
Casting: Flame Wave (dangerous; 4% risk of failure)
Confirm with . or Enter, or press ? or * to list all spells.
Flames lash the orc warrior.
The orc warrior is moderately wounded.
The orc warrior's fire resistance burns away.
The killer bee barely misses you.
The orc warrior hits you from afar with a +0 halberd!!
The killer bee closely misses you.
Casting: Scorch (safe; 1% risk of failure)
Confirm with . or Enter, or press ? or * to list all spells.
Casting: Flame Wave (dangerous; 4% risk of failure)
Press: ? - help, Dir - look around, f - activate A wave of flame ripples out!
The flame wave engulfs the killer bee!
You kill the killer bee!
Vehumet accepts your kill. (Press . to intensify the flame waves.)
The orc warrior hits you from afar with a +0 halberd.
A wave of flame ripples out!
The flame wave engulfs the orc warrior!!
The orc warrior is burned terribly!
The orc warrior is almost dead.
A sky beast comes into view.
The orc warrior hits you from afar with a +0 halberd!!
You die...

#............
#(.................
#..................
#.................Y
#..................
#....[......!......
#..................
#............)....)
#..........@$o...).
#..................
#..................
#............######
#............#
#......(.....#
##############


You could see an orc warrior (combustible) and a sky beast.

Vanquished Creatures
  4 yaks (D:6)
  A water moccasin (D:6)
  An orc warrior (D:6)
  2 sky beasts (D:6)
  A black bear (D:6)
  An ogre (D:5)
  2 centaurs (D:6)
  A necrophage (D:4)
  A bullfrog (D:6)
  2 scorpions (D:6)
  10 killer bees
  2 hounds (D:5)
  3 jellies
  3 orc priests (D:6)
  2 iguanas
  An orc wizard (D:6)
  7 adders
  A shadow imp (D:6)
  An ufetubus (D:5)
  4 worms
  A dart slug (D:5)
  15 orcs
  12 endoplasms
  15 giant cockroaches
  2 hobgoblins
  9 jackals
  3 quokkas (D:3)
  8 ball pythons
  5 bats
  11 frilled lizards
  10 goblins
  4 kobolds
  11 rats
156 creatures vanquished.

Vanquished Creatures (others)
  187 foxfires
187 creatures vanquished.

Grand Total: 343 creatures vanquished

Notes
Turn   | Place    | Note
-------+----------+-------------------------------------------
     0 | D:1      | testman the Deep Elf Fire Elementalist began the quest for
                  | the Orb.
     0 | D:1      | Reached XP level 1. HP: 10/10 MP: 6/6
   252 | D:1      | Reached XP level 2. HP: 15/15 MP: 5/8
   259 | D:1      | Learned a level 2 spell: Scorch
   916 | D:2      | Reached XP level 3. HP: 19/19 MP: 5/10
  1620 | D:2      | Reached skill level 4 in Spellcasting
  1876 | D:3      | Found a faded altar of an unknown god.
  2005 | D:3      | Reached XP level 4. HP: 24/24 MP: 6/12
  2014 | D:3      | Learned a level 3 spell: Inner Flame
  2019 | D:3      | Learned a level 4 spell: Flame Wave
  2164 | D:3      | Found a glowing drain.
  2172 | Sewer    | Entered a sewer
  2289 | Sewer    | Reached skill level 1 in Hexes
  2449 | Sewer    | Reached XP level 5. HP: 28/28 MP: 11/13
  2621 | Sewer    | Found a viscous altar of Jiyva.
  3005 | D:3      | Found a sparkling altar of Nemelex Xobeh.
  3383 | D:4      | Reached skill level 5 in Spellcasting
  3514 | D:4      | Reached XP level 6. HP: 32/32 MP: 12/15
  3979 | D:4      | Found Linlosey's Book Emporium.
  4259 | D:4      | Found an iron altar of Okawaru.
  4282 | D:5      | Entered Level 5 of the Dungeon
  4346 | D:5      | Reached skill level 5 in Fire Magic
  4398 | D:5      | Found a staircase to the Ecumenical Temple.
  4407 | Temple   | Entered the Ecumenical Temple
  4740 | D:5      | Identified the +1 dagger of the Feral God {holy, rN++ MP+9}
  5530 | D:6      | Noticed a sky beast
  5533 | D:6      | Reached XP level 7. HP: 21/36 MP: 17/17
  5593 | D:6      | Reached skill level 6 in Spellcasting
  5758 | D:6      | Found a blossoming altar of Fedhas.
  5842 | D:6      | Found an ancient bone altar of Kikubaaqudgha.
  5844 | D:6      | Found a shimmering blue altar of Sif Muna.
  5846 | D:6      | Found a radiant altar of Vehumet.
  5854 | D:6      | Got Vehumet's Atlas of Power
  5856 | D:6      | Became a worshipper of Vehumet
  5913 | D:6      | Found a white marble altar of Elyvilon.
  6049 | D:6      | Reached skill level 5 in Conjurations
  6086 | D:6      | Found a basalt altar of Yredelemnul.
  6092 | D:6      | Reached skill level 5 in Hexes
  6092 | D:6      | Reached XP level 8. HP: 41/41 MP: 20/20
  6125 | D:6      | Reached skill level 7 in Spellcasting
  6239 | D:6      | Found a broken altar of Ashenzari.
  6332 | D:6      | Found a shadowy altar of Dithmenos.
  6333 | D:6      | Found an ornate altar of the Wu Jian Council.
  6927 | D:6      | Reached skill level 8 in Spellcasting
  7112 | D:6      | Reached XP level 9. HP: 38/45 MP: 23/23
  7431 | D:7      | Reached * piety under Vehumet
  7431 | D:7      | Offered knowledge of Kiss of Death by Vehumet.
  7434 | D:7      | Slain by an orc warrior

Illustrated notes

Levels and vault maps discovered:
D:1:      saegor_arrival_simple_b, layout_rooms, nicolae_figureground_pulse
D:2:      layout_basic, minmay_pentomino_z2
D:3:      kb_forest_paths, layout_rooms, mainiacjoe_overflow_boulevard,
          basic_ecumenical_altar, gup_sewer_entry_bubbles, minmay_unequal
D:4:      layout_gridville, lemuel_coloured_pillars_altar, serial_shops, shop
D:5:      layout_basic, minmay_temple_entry_glass, kennysheep_generic_room_9
D:6:      layout_cave_pods, grunt_temple_overflow_magic_moments,
          mainiacjoe_overflow_concentric_impassable, fedhas_altar_2,
          lemuel_tele_altar, gammafunk_temple_overflow_statue,
          ashenzari_altar_1, fountainhead, st_stairs_6, minmay_fountain_box,
          minmay_misc_feat_x, kennysheep_generic_room_16
D:7:      layout_basic, serial_bayou_crossing
Temple:   grunt_temple_mini_profane

Skill      XL: |  1  2  3  4  5  6  7  8  9 |
---------------+----------------------------+-----
Conjurations   | 2 3 4 5 6 7 |  7.0
Fire Magic     | 4 5 6 7 |  7.8
Spellcasting   | 4 5 6 8 |  8.9
Hexes          | 1 2 3 5 7 |  7.6
Dodging        | |  2.4
Stealth        | |  2.4

Action                   |  1- 3 |  4- 6 |  7- 9 || total
-------------------------+-------+-------+-------++-------
Melee: Short sword       |    13 |       |       ||    13
       Staff             |     6 |     6 |       ||    12
       Punch             |     1 |       |       ||     1
       Dagger            |       |    11 |    12 ||    23
 Cast: Foxfire           |    44 |    42 |    22 ||   108
       Scorch            |    21 |    48 |    58 ||   127
       Inner Flame       |       |     1 |       ||     1
       Flame Wave        |       |       |     3 ||     3
  Use: Scroll            |     2 |       |       ||     2
       Potion            |       |       |     2 ||     2
 Stab: Sleeping          |       |     2 |     1 ||     3
Armor: Robe              |    14 |     5 |       ||    19
       Leather armour    |       |    10 |    23 ||    33
Dodge: Dodged            |    20 |    28 |    47 ||    95

Table legend: (Time is in decaauts)
 A = Elapsed time spent in this place.
 B = Non-inter-level travel time spent in this place.
 C = Inter-level travel time spent in this place.
 D = Time resting spent in this place.
 E = Time spent auto-exploring this place.
 F = Levels seen in this place.
 G = Mean time per level.
                   A        B        C        D        E       F      G
               +--------+--------+--------+--------+--------+-----+--------+
         Total |   7502 |   7285 |    217 |    588 |   5645 |   9 |  833.6 |
       Dungeon |   6730 |   6538 |    192 |    505 |   5098 |   7 |  961.4 |
        Temple |    210 |    185 |     25 |      0 |    182 |   1 |  210.0 |
         Sewer |    561 |    561 |      0 |     83 |    364 |   1 |  561.0 |
               +--------+--------+--------+--------+--------+-----+--------+

Top non-repeatable levels by time:
     D:6: 1546 daAuts
     D:5: 1090 daAuts
     D:2: 1032 daAuts
     D:3: 963 daAuts
     D:4: 909 daAuts
     D:1: 870 daAuts
   Sewer: 561 daAuts
     D:7: 318 daAuts
  Temple: 210 daAuts
